 Dungeon Crawl Stone Soup version 0.27.0-1-g7a089689b8 (webtiles) character file.

Game seed: 1403572109585354865

2 Spectrina the Ducker (level 1, 0/13 HPs)
             Began as a Deep Elf Monk on Aug 6, 2021.
             Was a Believer of the Shining One.
             Succumbed to an adder's poison
             ... on level 2 of the Dungeon.
             The game lasted 00:01:52 (171 turns).

Spectrina the Ducker (Deep Elf Monk)                 Turns: 171, Time: 00:01:52

Health: 0/13       AC:  2    Str:  8    XL:     1   Next: 25%
Magic:  3/3        EV: 13    Int: 14    God:    the Shining One [**....]
Gold:   16         SH:  0    Dex: 17    Spells: 0/0 levels left

rFire    . . .     SeeInvis .   a - +0 short sword
rCold    . . .     Faith    .   (no shield)
rNeg     + . .     Spirit   .   b - +0 robe
rPois    .         Reflect  .   (no helmet)
rElec    .         Harm     .   (no cloak)
rCorr    .         Rampage  .   (no gloves)
Will     +....                  (no boots)
Stlth    +.........             (no amulet)
HPRegen  0.04/turn              c - ring of willpower
MPRegen  0.08/turn              (no ring)

@: lethally poisoned (0 -> -4), glowing
A: no striking features
a: Renounce Religion, Divine Shield


You were on level 2 of the Dungeon.
You worshipped the Shining One.
The Shining One was pleased with you.
You visited 1 branch of the dungeon, and saw 2 of its levels.

You collected 16 gold pieces.

Inventory:

Hand Weapons
 a - a +0 short sword (weapon)
Armour
 b - a +0 robe (worn)
Jewellery
 c - a ring of willpower (left hand)


   Skills:
 - Level 2.4 Fighting
 - Level 3.0 Short Blades
 - Level 3.6 Dodging
 - Level 2.4 Stealth
 + Level 0.7 Invocations


You couldn't memorise any spells.
You didn't know any spells.
Your spell library was empty.

Dungeon Overview and Level Annotations

Branches:
Dungeon (2/15)

Altars:
The Shining One


Message History

Things that are here:
a +0 dagger; a kobold corpse
Found a hand axe.
You see here a +0 hand axe.
An adder comes into view.
Found a stone staircase leading down.
Unknown command.
The adder hisses angrily.
An adder comes into view.
You aren't carrying any potions.
You aren't carrying any scrolls.
Unknown command.
Found a murky cyan potion.
Unknown command.
Found a faded altar of an unknown god.
The adder hisses angrily.
The adder bites you.
There is a faded altar of an unknown god here.
You cannot tell which god this altar belongs to.
Convert to them anyway? [Y]es or [N]o only, please.
You cannot tell which god this altar belongs to.
Convert to them anyway?
The Shining One accepts your prayer! The Shining One welcomes you!
You and your allies can now gain power from killing the unholy and evil.
You can now call upon the Shining One for a divine shield.
The adder barely misses you.
Unknown command.
Press < or > to pray at altars.
You hit the adder.
The adder is moderately wounded.
The adder bites you.
You are poisoned.
The adder poisons you! The adder bites you.
You closely miss the adder.
The adder is moderately wounded.
You feel sick. The adder bites you.
* * * LOW HITPOINT WARNING * * *
You hit the adder.
The adder is severely wounded.
You die...

..........#
....>...###.#
........# #.#
........###.##
.......##...#
#.......##..# #
#.......###.##
#.###.......##...##
#..@SS......#.#.#.##
#.###!.......##.##.#
# #.......##...##.
#.......#.#.#.#.
###.###.##...##. #..
##.##.##.#
....§......§§.
≈§≈.≈≈≈≈≈.≈§≈§≈
###§.≈# #≈.≈###≈


You could see 2 adders.

Vanquished Creatures
  An endoplasm (D:1)
  A kobold (D:2)
2 creatures vanquished.

Notes
Turn   | Place    | Note
-------+----------+-------------------------------------------
     0 | D:1      | Spectrina the Deep Elf Monk began the quest for the Orb.
     0 | D:1      | Reached XP level 1. HP: 13/13 MP: 3/3
   160 | D:2      | Found a faded altar of an unknown god.
   168 | D:2      | Became a worshipper of the Shining One
   168 | D:2      | Reached * piety under the Shining One
   168 | D:2      | Reached ** piety under the Shining One
   171 | D:2      | Succumbed to an adder's poison

Illustrated notes

Levels and vault maps discovered:
D:1:      lemuel_arrival_lava_pool, layout_basic, serial_shops, shop,
          minmay_liquid_box
D:2:      layout_loops_cross, basic_altar, basic_ecumenical_altar,
          kennysheep_boxes

Action                   || total
-------------------------++-------
Melee: Short sword       ||    14
Armor: Robe              ||     1
Dodge: Dodged            ||     7
